 Dungeon Crawl Stone Soup version 0.31-a0-210-gccc998df9b (webtiles) character file.

Game seed: 3634289928956165699

30 qw the Shooter (level 3, -1/29 HPs)
             Began as a Minotaur Hexslinger on June 29, 2023.
             Slain by a gnoll
             ... wielding a +0 whip
              (2 damage)
             ... on level 1 of the Dungeon.
             The game lasted 00:00:16 (618 turns).

qw the Shooter (Minotaur Hexslinger)                 Turns: 618, Time: 00:00:16

Health: -1/29      AC:  6    Str: 12    XL:     3   Next: 3%
Magic:  0/3        EV: 11    Int: 10    God:
Gold:   70         SH:  0    Dex: 14    Spells: 3/4 levels left

rFire   . . .        Y - +1 sling
rCold   . . .        (no shield)
rNeg    . . .        e - +0 ring mail
rPois   .            (helmet restricted)
rElec   .            m - +0 cloak
rCorr   .            (no gloves)
SInv    .            (no boots)
Will    +....        n - amulet of guardian spirit
Stlth   +            g - ring of willpower
HPRegen 0.24/turn    (no ring)
MPRegen 0.08/turn

%: guardian spirit
@: no status effects
A: horns 2, retaliatory headbutt
a: no special abilities


You were on level 1 of the Dungeon.
You visited 1 branch of the dungeon, and saw 2 of its levels.

You collected 70 gold pieces.


Innate Abilities, Weirdness & Mutations

You have a pair of horns on your head.
You reflexively headbutt those who attack you in melee.


   Skills:
 - Level 2.0 Fighting
 + Level 3.5 Ranged Weapons
 - Level 2.1 Dodging
 - Level 1.0 Spellcasting
 - Level 2.0 Hexes


You had 3 spell levels left.
You knew the following spells:

 Your Spells              Type           Power      Damage    Failure   Level
a - Slow                  Hex            16%        N/A       34%         1

Your spell library contained the following spells:

 Spells                   Type           Power      Damage    Failure   Level
 Inner Flame              Hex/Fire       2%         N/A       83%         3
 Portal Projectile        Hex/Tloc       4%         N/A       83%         3
 Cause Fear               Hex            2%         N/A       98%         4

Inventory:

Hand Weapons
 Y - a +1 sling (weapon)
Armour
 e - a +0 ring mail (worn)
 m - a +0 cloak (worn)
Jewellery
 g - a ring of willpower (left hand)
 n - an amulet of guardian spirit (around neck)
Potions
 d - a potion of lignification {unknown}
 j - a potion of curing {unknown}

Dungeon Overview and Level Annotations

Branches:
Dungeon (2/15)

Altars:


Message History

The bat hits you but does no damage.
You shoot a sling bullet.
The sling bullet barely misses the gnoll.
The bat hits you but does no damage. The gnoll hits you but does no damage.
The gnoll hits you with a +0 club. The bat hits you but does no damage.
You shoot a sling bullet.
The sling bullet barely misses the gnoll.
The sling bullet hits the gnoll.
The gnoll is lightly wounded.
The bat misses you. The gnoll hits you with a +0 club.
The gnoll barely misses you.
613 ||| STAIRDANCE The gnoll hits you but does no damage.
The gnoll barely misses you. You furiously retaliate!
You headbutt the gnoll! The gnoll closely misses you. The gnoll misses you.
You climb upwards.
There is a stone staircase leading down here.
You shoot a sling bullet. The sling bullet hits the gnoll.
You kill the gnoll!
The gnoll hits you with a +0 whip. The gnoll misses you.
The gnoll hits you with a +0 flail.
The gnoll hits you but does no damage. x2
The gnoll closely misses you. You furiously retaliate!
You headbutt the gnoll, but do no damage.
You have reached level 3!
Your experience leads to an increase in your attributes!
Increase (S)trength, (I)ntelligence, or (D)exterity?
You feel agile. x2
You shoot a sling bullet. The sling bullet hits the gnoll.
The gnoll is almost dead.
The gnoll barely misses you. The gnoll hits you with a +0 club.
The gnoll hits you with a +0 flail.
You shoot a sling bullet.
The sling bullet closely misses the gnoll.
The gnoll hits you with a +0 whip. The gnoll hits you but does no damage.
The gnoll hits you with a +0 flail.
You shoot a sling bullet.
The sling bullet hits the gnoll but does no damage.
The gnoll is almost dead.
The gnoll hits you with a +0 whip.
You die...

.#.#####.#.........##.##.........
.')......#.........##....####....
.#.#######....8....##..### #....
.#.# #...7.....##.## #.... .#.###
#............# #.... .#...#
#..........#.# #....
####.#####..........#.# #....
#...........gg...#.# #....
##...........@.###.# #....
#..........g)## #.# #....
#..........(.####'###########
#.....?......##...........#
#.........................#
#.........................#
#.........................#
#.........................#
#.........................#


You could see 3 gnolls.

Vanquished Creatures
  A gnoll (D:1)
  4 ball pythons (D:1)
  2 endoplasms (D:1)
  A hobgoblin (D:1)
  A quokka (D:1)
  A bat (D:1)
  2 frilled lizards (D:1)
  3 goblins (D:1)
  3 kobolds (D:1)
  A rat (D:1)
19 creatures vanquished.

Notes
Turn   | Place    | Note
-------+----------+-------------------------------------------
     0 | D:1      | qw the Minotaur Hexslinger began the quest for the Orb.
     0 | D:1      | Reached XP level 1. HP: 16/16 MP: 1/1
     0 | D:1      | 0 ||| qw: Version: 0.3-a-24-g62f9e04
     0 | D:1      | 0 ||| qw: Game counter: 6731
     0 | D:1      | 0 ||| qw: Melee chars always use a shield: true
     0 | D:1      | 0 ||| qw: God list: Okawaru
     0 | D:1      | 0 ||| qw: Allow faded altars: false
     0 | D:1      | 0 ||| qw: Do Orc after clearing Dungeon:15 true
     0 | D:1      | 0 ||| qw: Do second Lair branch before Depths: true
     0 | D:1      | 0 ||| qw: Lair rune preference: random
     0 | D:1      | 0 ||| qw: Goals: Normal
     0 | D:1      | 0 ||| PLANNING D:1-11
   165 | D:1      | Reached skill level 3 in Ranged Weapons
   177 | D:1      | Reached XP level 2. HP: 23/23 MP: 2/2
   566 | D:1      | 566 ||| UPGRADING to +0 ring mail.
   576 | D:1      | 576 ||| DROPPING +0 robe.
   577 | D:1      | 577 ||| UPGRADING to +0 cloak.
   582 | D:1      | 582 ||| UPGRADING to amulet of guardian spirit.
   587 | D:1      | 587 ||| UPGRADING to ring of willpower.
   588 | D:1      | 588 ||| READING scroll labelled BAZUES BEEHIM.
   589 | D:1      | 589 ||| READING scroll labelled KAUTAI JEMA.
   590 | D:1      | 590 ||| READING 3 scrolls labelled KOIWKA JYITEPO.
   591 | D:1      | 591 ||| READING scroll labelled GAOSAR GOMAU.
   592 | D:1      | 592 ||| READING scroll labelled QAISMI TEMMASH.
   593 | D:1      | 593 ||| READING scroll labelled WUKKEA WUTARAT.
   598 | D:1      | 598 ||| DROPPING scroll of poison.
   599 | D:1      | 599 ||| DROPPING 2 scrolls of amnesia.
   613 | D:2      | 613 ||| STAIRDANCE
   616 | D:1      | Reached XP level 3. HP: 20/29 MP: 1/3
   617 | D:1      | HP: 6/29 [gnoll/+0 whip (5)]
   617 | D:1      | HP: 1/29 [gnoll/+0 flail (5)]
   618 | D:1      | Slain by a gnoll

Levels and vault maps discovered:
D:1:      wander_arrival_peaceful_grave, layout_basic, serial_park_tiny_2
D:2:      layout_basic

Skill      XL: |  1  2 |
---------------+-------+-----
Ranged Weapons | 3 |  3.5
Fighting       | 2 |  2.0
Dodging        | |  2.1
Spellcasting   | |  1.0
Hexes          | |  2.0

Action                     || total
---------------------------++-------
   Fire: Sling             ||    46
    Use: Scroll            ||     6
 Armour: Ring mail         ||     9
         Robe              ||     2
  Dodge: Dodged            ||    22

Table legend:
 A = Non-vault XP
 B = Vault XP
 C = Vault XP percentage of total XP
 D = Non-vault monster count
 E = Vault monster count
 F = Vault count percentage of total count
                 A         B        C        D         E       F
            +---------+---------+-------+---------+---------+-------
      Total |      43 |       0 |   0.0 |      19 |       0 |   0.0
            +---------+---------+-------+---------+---------+-------
        D:1 |      43 |       0 |   0.0 |      19 |       0 |   0.0
            +---------+---------+-------+---------+---------+-------
